Map: Infestation

Players

Fropez - Winner!

  • Race: Protoss Protoss
  • League: Silver
  • Spawn Location: 9:00

ttrr - Winner!

  • Race: Terran Terran
  • League: Bronze
  • Spawn Location: 9:00

Probtatious

  • Race: Protoss Protoss
  • Spawn Location: 3:00

Areoku

  • Race: Protoss Protoss
  • Spawn Location: 3:00

VOD

Have the link to the VOD?

Description

Time

  • Played on: May 23, 2016, 8:54 p.m.
  • Length: 11:36
Show
View Real Time Build Order
Export as new Build Order

Fropez Protoss - Winner!

Build Orders: Oracle Opening 

Get SALT Encoding   

  12  0:01  Probe (Chrono Boost)  
  13  0:13  Probe (Chrono Boost)  
  14  0:20  Pylon  
  14  0:23  Probe (Chrono Boost)  
  15  0:36  Assimilator  
  15  0:38  Probe (Chrono Boost)  
  16  0:43  Gateway  
  16  0:51  Probe (Chrono Boost)  
  17  1:01  Probe (Chrono Boost), Assimilator  
  18  1:12  Probe (Chrono Boost)  
  19  1:22  Probe (Chrono Boost)  
  20  1:28  Pylon  
  20  1:33  Cybernetics Core  
  20  1:37  Pylon  
  20  1:38  Probe (Chrono Boost)  
  21  1:48  Probe (Chrono Boost)  
  22  1:59  Probe (Chrono Boost)  
  23  2:09  Pylon  
  23  2:17  Probe (Chrono Boost)  
  23  2:21  Stargate  
  23  2:22  Pylon, Protoss Air Weapons Level 1 (Chrono Boost)  
  25  2:32  Mothership Core  
  26  2:53  Probe  
  27  3:02  Nexus  
  27  3:04  Pylon  
  28  3:05  Probe  
  28  3:16  Oracle  
  28  3:17  Probe  
  32  3:29  Probe  
  33  3:42  Probe  
  34  3:52  Pylon, Oracle  
  34  3:54  Probe  
  38  4:04  Protoss Air Armor Level 1 (Chrono Boost)  
  38  4:06  Probe  
  39  4:18  Probe  
  39  4:19  Probe  
  41  4:27  Oracle  
  41  4:29  Assimilator  
  44  4:35  Assimilator  
  44  5:03  Probe  
  44  5:04  Probe  
  46  5:19  Stargate  
  46  5:20  Probe, Fleet Beacon  
  46  5:21  Pylon  
  47  5:28  Probe  
  47  5:35  Oracle  
  51  5:44  Probe  
  51  5:45  Probe  
  53  6:10  Oracle (Chrono Boost)  
  56  6:28  Probe x2  
  56  6:31  Carrier (Chrono Boost)  
  64  6:46  Carrier (Chrono Boost)  
  65  7:46  Nexus  
  65  7:47  Carrier (Chrono Boost)  
  65  7:50  Probe x2, Assimilator  
  73  7:54  Assimilator  
  73  7:55  Pylon  
  73  7:57  Protoss Air Weapons Level 2 (Chrono Boost)  
  73  7:59  Carrier (Chrono Boost), Pylon  
  73  8:01  Pylon  
  73  8:04  Pylon  
  79  8:15  Probe  
  79  8:17  Probe  
  81  8:28  Probe  
  81  8:29  Probe  
  83  8:51  Carrier (Chrono Boost)  
  83  9:02  Carrier  
  95  9:32  Probe x3  
  98  9:44  Probe x3  
  101  9:53  Graviton Catapult  
  101  10:04  Carrier  
  101  10:07  Stargate, Cybernetics Core  
  101  10:13  Probe x3  
  116  10:39  Nexus  
  116  10:42  Assimilator  
Show
View Real Time Build Order
Export as new Build Order

ttrr Terran - Winner!

Build Orders:  

Get SALT Encoding   

  12  0:01  SCV  
  13  0:14  Supply Depot  
  13  0:26  SCV  
  14  0:37  Barracks  
  14  0:38  SCV  
  15  0:51  Refinery  
  15  0:53  SCV  
  16  1:05  SCV  
  17  1:17  SCV  
  18  1:24  Marine  
  19  1:29  SCV  
  20  1:39  Supply Depot  
  20  1:41  Orbital Command  
  20  1:42  Marine  
  21  2:00  Marine  
  22  2:11  Command Center  
  22  2:18  Marine  
  22  2:22  Engineering Bay  
  23  2:24  SCV  
  24  2:36  SCV, Supply Depot  
  25  2:41  Barracks Tech Lab  
  25  2:42  Factory  
  25  3:02  Barracks  
  25  3:08  SCV  
  25  3:11  Stimpack  
  26  3:14  Marine  
  27  3:20  SCV  
  27  3:22  Refinery  
  28  3:32  Marine, Orbital Command  
  29  3:44  Starport  
  29  3:49  Marine  
  29  3:50  Factory Reactor, Marauder  
  32  3:58  SCV x2  
  34  4:07  Barracks Reactor  
  34  4:10  SCV x2  
  34  4:11  Marine  
  37  4:22  SCV, Medivac  
  40  4:29  Marine, SCV  
  42  4:34  SCV  
  42  4:36  Supply Depot  
  43  4:43  Marine  
  43  4:44  Marine  
  45  4:47  Marine  
  45  4:52  Medivac  
  48  5:03  Widow Mine  
  48  5:05  Reaper  
  51  5:12  SCV  
  51  5:13  SCV  
  53  5:20  Supply Depot  
  53  5:24  SCV  
  54  5:45  Marine x3  
  57  5:57  Barracks  
  57  5:59  Factory Tech Lab  
  57  6:26  Marine x3  
  57  6:28  Medivac x2  
  57  6:30  Siege Tank  
  68  6:32  SCV  
  68  6:33  SCV  
  68  6:38  Supply Depot  
  69  6:44  Marine, Missile Turret  
  69  6:47  Barracks Reactor  
  70  6:52  Barracks  
  70  7:00  Marine, SCV x2  
  73  7:02  Siege Tank  
  73  7:06  Viking  
  78  7:08  Missile Turret  
  77  7:23  Missile Turret  
  77  7:34  Marine  
  78  7:43  Missile Turret  
  78  7:44  Supply Depot  
  78  7:45  Refinery  
  78  7:49  Supply Depot x2  
  78  8:05  Marine x2, Viking  
  84  8:06  Supply Depot, Marauder  
  84  8:11  Supply Depot  
  84  8:13  Supply Depot  
  84  8:22  Marine x2  
  84  8:23  Marine  
  87  8:31  Medivac  
  89  8:35  Medivac  
  89  8:40  Marine x2  
  93  8:52  Marine x2  
  93  8:53  Marine  
  96  9:06  Command Center  
  96  9:09  Medivac x2  
  100  9:10  Command Center  
  100  9:17  Barracks  
  100  9:53  Marine x3  
  100  9:54  Marine, Marauder  
  104  10:34  Viking  
  104  10:35  Viking  
  108  10:42  Missile Turret  
  108  10:52  Marine  
  109  11:03  Missile Turret  
  109  11:04  Viking x2  
Show
View Real Time Build Order
Export as new Build Order

Probtatious Protoss 

Build Orders: Cannon Rush 

Get SALT Encoding   

  12  0:05  Probe (Chrono Boost)  
  13  0:22  Probe (Chrono Boost)  
  14  0:33  Probe (Chrono Boost)  
  15  0:35  Pylon  
  15  0:42  Pylon  
  15  0:58  Forge  
  15  1:25  Gateway  
  15  1:35  Photon Cannon  
  15  1:38  Photon Cannon  
  15  1:46  Photon Cannon  
  15  1:58  Pylon  
  15  2:06  Assimilator  
  15  2:07  Probe (Chrono Boost)  
  16  2:11  Assimilator  
  16  2:18  Probe (Chrono Boost)  
  17  2:28  Probe (Chrono Boost), Cybernetics Core  
  18  2:32  Pylon  
  18  2:39  Probe (Chrono Boost)  
  18  2:43  Photon Cannon  
  19  2:49  Probe (Chrono Boost)  
  20  2:58  Gateway  
  20  3:07  Probe (Chrono Boost)  
  21  3:17  Probe (Chrono Boost)  
  22  3:27  Robotics Facility  
  22  3:28  Probe (Chrono Boost)  
  22  3:32  Pylon  
  23  3:40  Gateway  
  23  3:44  Gateway  
  23  4:13  Nexus  
  23  4:20  Assimilator  
  23  4:29  Assimilator  
  24  4:38  Probe (Chrono Boost)  
  24  4:49  Probe (Chrono Boost)  
  18  4:56  Stalker  
  18  4:59  Probe (Chrono Boost), Stalker  
  15  5:10  Probe (Chrono Boost)  
  16  5:20  Probe (Chrono Boost)  
  17  5:56  Robotics Bay, Probe (Chrono Boost)  
  18  6:04  Probe (Chrono Boost)  
  18  6:07  Probe (Chrono Boost)  
  20  6:15  Probe (Chrono Boost)  
  20  6:17  Probe (Chrono Boost)  
  20  6:31  Stalker x3  
  26  6:41  Probe (Chrono Boost)  
  26  6:45  Probe (Chrono Boost)  
  28  6:51  Probe (Chrono Boost)  
  29  6:56  Probe (Chrono Boost)  
  30  7:02  Probe (Chrono Boost)  
  31  7:18  Probe (Chrono Boost)  
  32  7:29  Probe (Chrono Boost)  
  33  7:39  Probe (Chrono Boost)  
  33  7:43  Probe (Chrono Boost)  
  35  7:50  Probe (Chrono Boost)  
  34  7:54  Probe (Chrono Boost)  
  35  8:00  Probe (Chrono Boost)  
  35  8:05  Probe (Chrono Boost), Stalker x4  
  45  8:15  Probe (Chrono Boost)  
  46  8:24  Colossus  
  46  8:26  Probe (Chrono Boost)  
  49  8:35  Stalker x2  
  41  8:56  Stalker x2  
  45  9:05  Stalker  
  47  9:11  Stalker  
  49  9:26  Stalker  
  51  9:40  Stalker x2  
  55  10:04  Twilight Council  
Show
View Real Time Build Order
Export as new Build Order

Areoku Protoss 

Build Orders: Cannon Rush 

Get SALT Encoding   

  12  0:03  Probe (Chrono Boost)  
  13  0:13  Probe (Chrono Boost)  
  14  0:24  Probe (Chrono Boost)  
  14  0:25  Pylon  
  15  0:38  Pylon  
  15  0:44  Forge  
  15  0:49  Probe (Chrono Boost)  
  16  1:00  Probe (Chrono Boost)  
  17  1:21  Photon Cannon  
  17  1:23  Photon Cannon  
  17  1:27  Photon Cannon  
  17  1:33  Photon Cannon  
  17  1:55  Assimilator  
  17  1:57  Probe (Chrono Boost)  
  17  1:59  Assimilator  
  18  2:05  Gateway  
  18  2:07  Probe (Chrono Boost)  
  19  2:18  Probe (Chrono Boost)  
  20  2:28  Probe (Chrono Boost)  
  21  2:39  Probe (Chrono Boost)  
  22  2:49  Probe (Chrono Boost)  
  23  2:54  Cybernetics Core  
  23  3:00  Pylon  
  23  3:03  Pylon  
  23  3:22  Nexus  
  23  3:27  Pylon  
  23  3:29  Pylon  
  23  3:31  Pylon  
  23  3:45  Stargate  
  23  3:59  Photon Cannon  
  23  4:00  Photon Cannon  
  23  4:07  Photon Cannon  
  23  4:32  Void Ray, Stargate  
  27  4:40  Probe (Chrono Boost)  
  27  4:42  Probe (Chrono Boost)  
  29  4:51  Probe (Chrono Boost)  
  30  4:58  Stalker  
  32  5:16  Void Ray  
  36  5:26  Probe (Chrono Boost)  
  37  5:31  Probe (Chrono Boost)  
  38  5:36  Probe (Chrono Boost)  
  38  5:41  Probe (Chrono Boost)  
  40  5:47  Probe (Chrono Boost)  
  40  5:48  Assimilator  
  41  5:52  Probe (Chrono Boost)  
  41  5:53  Assimilator  
  42  5:57  Probe (Chrono Boost)  
  42  6:03  Probe (Chrono Boost)  
  43  6:08  Probe (Chrono Boost)  
  30  6:13  Probe (Chrono Boost)  
  28  6:18  Probe (Chrono Boost)  
  28  6:29  Probe (Chrono Boost)  
  28  6:30  Probe (Chrono Boost)  
  30  6:39  Probe (Chrono Boost)  
  31  6:40  Probe (Chrono Boost)  
  32  6:51  Probe (Chrono Boost)  
  32  7:02  Probe (Chrono Boost)  
  33  7:12  Probe (Chrono Boost)  
  33  7:23  Probe (Chrono Boost)  
  33  7:33  Probe (Chrono Boost)  
  33  7:34  Void Ray x2  
  42  7:43  Probe (Chrono Boost)  
  42  7:44  Probe (Chrono Boost)  
  44  7:54  Probe x2 (Chrono Boost)  
  46  8:05  Probe x2 (Chrono Boost)  
  48  8:15  Probe (Chrono Boost)  
  48  8:17  Void Ray, Probe (Chrono Boost)  
  54  8:20  Void Ray  
  54  8:26  Probe (Chrono Boost)  
  55  8:28  Probe (Chrono Boost)  
  56  8:38  Probe (Chrono Boost)  
  56  9:19  Void Ray x2  
  63  9:52  Probe (Chrono Boost)  
  64  10:02  Probe (Chrono Boost)  
  65  10:13  Probe (Chrono Boost)  
  64  10:23  Probe (Chrono Boost)  
  65  10:34  Probe (Chrono Boost)  
Tags
 
Add a new tag
Caveats
  • Supply blocks, unpowered buildings, or Contaminate may cause inaccurate times.
  • Supply counts are checked every 10 seconds.